 Dungeon Crawl Stone Soup version 0.23.2-1-ga50397a (webtiles) character file.

Game seed: 4721175488507606409

84 Boartato the Conjurer (level 4, 0/33 HPs)
             Began as a Draconian Conjurer on May 7, 2019.
             Hit by a stone thrown by an orc warrior (13 damage)
             ... on level 2 of the Dungeon.
             The game lasted 00:07:15 (1921 turns).

Boartato the Conjurer (Draconian Conjurer)          Turns: 1921, Time: 00:07:16

Health: 0/33       AC:  5    Str: 10    XL:     4   Next: 23%
Magic:  1/7        EV: 12    Int: 17    God:
Gold:   40         SH:  0    Dex: 11    Spells: 6/7 levels left

rFire    . . .     SeeInvis .   g - +0 whip
rCold    . . .     Gourm    .   (no shield)
rNeg     . . .     Faith    .   (armour unavailable)
rPois    .         Spirit   .   (helmet restricted)
rElec    .         Reflect  .   (no cloak)
rCorr    .         Harm     .   (no gloves)
MR       .....                  (no boots)
Stlth    ++........             (no amulet)
HPRegen  0.11/turn              (no ring)
MPRegen  0.10/turn              (no ring)

@: no status effects
A: unfitting armour, cold-blooded, AC +5
a: no special abilities


You were on level 2 of the Dungeon.
You were not hungry.

You visited 1 branch of the dungeon, and saw 2 of its levels.

You collected 40 gold pieces.

Inventory:

Hand Weapons
 g - a +0 whip (weapon)
Scrolls
 a - 2 scrolls of identify {unknown}
 c - 2 scrolls of remove curse {unknown}
 f - 2 scrolls of teleportation {unknown}
Potions
 d - a potion of agility {unknown}
 e - a potion of curing {unknown}
 i - a potion of might {unknown}
Comestibles
 b - 2 rations
 h - 4 chunks of flesh


   Skills:
 + Level 0.1 Fighting
 - Level 1.9 Dodging
 - Level 2.0 Stealth
 + Level 2.3 Spellcasting
 * Level 5.3 Conjurations


You had 6 spell levels left.
You knew the following spells:

 Your Spells              Type           Power        Failure   Level  Hunger
a - Magic Dart            Conj           ###.         1%          1    #......

Your spell library contained the following spells:

 Spells                   Type           Power        Failure   Level  Hunger
 Searing Ray              Conj           ###...       3%          2    ##.....
 Dazzling Spray           Conj/Hex       ##....       19%         3    ###....
 Iskenderun's Mystic Bla  Conj           ###.....     21%         4    #####..
 Force Lance              Conj/Tloc      ##......     52%         4    #####..
 Fulminant Prism          Conj/Hex       ##........   52%         4    #####..


Dungeon Overview and Level Annotations

Branches:
Dungeon (2/15)

Altars:


Innate Abilities, Weirdness & Mutations

Your plain brown scales are hard. (AC +5)
You cannot fit into any form of body armour.
You are cold-blooded and may be slowed by cold attacks.


Message History

The orc priest is heavily wounded.
The orc priest hits you but does no damage.
You hit the orc priest but do no damage.
The orc priest is heavily wounded.
The orc priest hits you with a +0 club.
An orc warrior comes into view. It is wielding a +0 scimitar.
The orc warrior shouts!
You hit the orc priest.
The orc priest is severely wounded.
The orc priest barely misses you.
You hit the orc priest.
The orc priest is severely wounded.
An orc comes into view. It is wielding a +0 mace.
The orc priest barely misses you. The rat barely misses you.
You hit the orc priest.
The orc priest is almost dead.
The orc priest mumbles some strange prayers to Beogh against you.
Pain shoots through your body! The rat bites you. The rat bites you.
The orc warrior throws a stone.
The stone hits you!
You die...

###.#.......#######
#...#.............#
#..÷.....#..... .#
##...÷.###.#.###...#
##..............⌠..
#..#.###.#.##....
##.....##.##.# .
##.###..##.##r###
..###.####..#...@o..#
#..†...#...#..##..##
.†..).#.#.#.......oo#
##(.#...#.............
#.###.######.###.....#
#. .# ##.#.## #. .#
.#.# . ># .#.# #


You could see an orc warrior, an orc priest, an orc and a rat.

Vanquished Creatures
  2 adders (D:2)
  A gnoll (D:1)
  An ooze (D:1)
  2 dart slugs (D:1)
  An orc (D:2)
  3 giant cockroaches (D:1)
  7 goblins
  3 hobgoblins
  3 jackals (D:2)
  A quokka (D:2)
  8 bats
  4 frilled lizards
  9 kobolds
  2 rats
47 creatures vanquished.

Notes
Turn   | Place    | Note
-------+----------+-------------------------------------------
     0 | D:1      | Boartato the Draconian Conjurer began the quest for the
                  | Orb.
     0 | D:1      | Reached XP level 1. HP: 14/14 MP: 3/3
   361 | D:1      | Reached XP level 2. HP: 20/20 MP: 1/5
   951 | D:1      | Reached XP level 3. HP: 18/26 MP: 3/6
  1515 | D:2      | Reached skill level 5 in Conjurations
  1721 | D:1      | Reached XP level 4. HP: 33/33 MP: 1/7
  1917 | D:2      | Noticed an orc warrior
  1921 | D:2      | Hit by a stone thrown by an orc warrior

Skill      XL: |  1  2  3 |
---------------+----------+-----
Stealth        | 2 |  2.0
Conjurations   | 5 |  5.3
Fighting       | |  0.1
Dodging        | |  1.9
Spellcasting   | |  2.3

Action                   |  1- 3 |  4- 6 || total
-------------------------+-------+-------++-------
Melee: Unarmed           |     6 |       ||     6
       Whip              |    31 |    12 ||    43
       Tailslap          |     3 |     2 ||     5
 Cast: Magic Dart        |    61 |    17 ||    78
  Eat: Chunk             |     3 |     1 ||     4
Armor: Skin              |     8 |     6 ||    14
Dodge: Dodged            |    24 |     4 ||    28
